[ AOE2 MATCH · #505022180 ]
UnrankedHindustanis vs Japanese
Rival team · LOSS
[ REPLAY ANALYSIS · EXTRACTED FROM THE RECORDED GAME ]
Feudal
10:45
Castle
24:16
Imperial
41:02
| APM avg | 57.1 |
| APM peak | 112 |
| eAPM avg | 34.0 |
| Villagers / military | 150 / 273 |
Focus
⚔️ 38.9% · 🌾 61.1%
Ghulam ×111 · Skirmisher ×90 · Archer ×30 · Hand Cannoneer ×16 · Camel Scout ×13 · Trebuchet (Packed) ×6
Feudal
10:26
Castle
21:52
Imperial
31:49
| APM avg | 46.2 |
| APM peak | 102 |
| eAPM avg | 18.5 |
| Villagers / military | 125 / 156 |
Focus
⚔️ 40.5% · 🌾 59.5%
Cavalry Archer ×79 · Knight ×37 · Scout Cavalry ×23 · Skirmisher ×7 · Militia ×3 · Monk ×2
Match map
Initial resources + every placement click. Lines = walls · curves = elevation contours. ◆ gold · ⬟ stone · ● berries · ✦ relic · ◌ wall gap
Your base· ✓ Closed at 24:16 · 35t walls · 1 gate(s)
aLeX-'s base· ✓ Closed at 21:52 · 37t walls · 1 gate(s)
Smoothed initial terrain · ◌ = detected wall gap · hover for details
Inputs per minute
— Men Call Me Gladiator - - aLeX-
Build order — Men Call Me Gladiator
First 150 of 610 actions detected
| 0:01 | Queue | Villager (Male) |
| 0:01 | Queue | Villager (Male) |
| 0:02 | Build | House |
| 0:04 | Build | House |
| 0:14 | Queue | Villager (Male) |
| 0:14 | Queue | Villager (Male) |
| 0:59 | Queue | Villager (Male) |
| 1:27 | Queue | Villager (Male) |
| 1:49 | Build | Lumber Camp |
| 2:01 | Queue | Villager (Male) |
| 2:14 | Queue | Villager (Male) |
| 3:04 | Queue | Villager (Male) |
| 3:14 | Queue | Villager (Male) |
| 3:51 | Queue | Villager (Male) |
| 3:51 | Queue | Villager (Male) |
| 4:03 | Build | Mill |
| 4:04 | Queue | Villager (Male) |
| 4:29 | Queue | Villager (Male) |
| 4:29 | Queue | Villager (Male) |
| 4:43 | Build | House |
| 4:48 | Research | Loom |
| 4:53 | Queue | Villager (Male) |
| 5:03 | Queue | Villager (Male) |
| 5:10 | Build | Palisade Wall |
| 5:11 | Build | Palisade Wall |
| 5:12 | Build | Palisade Wall |
| 5:29 | Queue | Villager (Male) |
| 5:39 | Build | House |
| 5:42 | Build | Palisade Wall |
| 5:53 | Queue | Villager (Male) |
| 6:15 | Queue | Villager (Male) |
| 6:22 | Build | Palisade Wall |
| 6:25 | Build | Palisade Wall |
| 6:27 | Build | Palisade Wall |
| 6:47 | Queue | Villager (Male) |
| 6:47 | Queue | Villager (Male) |
| 7:22 | Queue | Villager (Male) |
| 7:28 | Queue | Villager (Male) |
| 8:04 | Queue | Villager (Male) |
| 8:35 | Research | Feudal Age |
| 9:31 | Build | Mining Camp |
| 9:35 | Build | Barracks |
| 9:44 | Build | House |
| 10:07 | Queue | Villager (Male) |
| 10:36 | Build | House |
| 10:39 | Build | Palisade Gate |
| 10:45 | Age | Feudal Age |
| 10:50 | Build | Archery Range |
| 10:51 | Queue | Villager (Male) |
| 10:53 | Research | Double-Bit Axe |
| 11:00 | Build | Palisade Wall |
| 11:03 | Build | Palisade Wall |
| 11:04 | Build | Palisade Wall |
| 11:06 | Build | Palisade Wall |
| 11:21 | Queue | Villager (Male) |
| 11:24 | Queue | Villager (Male) |
| 11:27 | Queue | Archer |
| 11:28 | Queue | Archer |
| 11:28 | Queue | Archer |
| 11:49 | Queue | Villager (Male) |
| 12:06 | Queue | Archer |
| 12:10 | Build | House |
| 12:32 | Build | Lumber Camp |
| 12:42 | Build | Palisade Wall |
| 12:43 | Queue | Villager (Male) |
| 12:48 | Build | Farm |
| 12:52 | Queue | Archer |
| 13:10 | Queue | Archer |
| 13:15 | Queue | Villager (Male) |
| 13:21 | Build | Farm |
| 13:39 | Queue | Archer |
| 13:39 | Queue | Archer |
| 13:48 | Build | Farm |
| 14:05 | Queue | Archer |
| 14:06 | Queue | Villager (Male) |
| 14:06 | Queue | Villager (Male) |
| 14:18 | Build | Farm |
| 14:21 | Build | Farm |
| 14:30 | Queue | Archer |
| 14:37 | Build | Blacksmith |
| 14:48 | Build | Palisade Gate |
| 14:58 | Build | House |
| 15:04 | Queue | Villager (Male) |
| 15:12 | Build | House |
| 15:14 | Research | Wheelbarrow |
| 15:16 | Queue | Archer |
| 15:18 | Queue | Archer |
| 15:37 | Build | Farm |
| 15:40 | Build | Farm |
| 15:51 | Build | House |
| 15:52 | Build | House |
| 15:56 | Build | House |
| 16:00 | Build | Palisade Wall |
| 16:00 | Build | Palisade Wall |
| 16:15 | Queue | Villager (Male) |
| 16:17 | Research | Fletching |
| 16:22 | Queue | Archer |
| 16:48 | Queue | Villager (Male) |
| 16:53 | Build | Stable |
| 16:55 | Queue | Villager (Male) |
| 17:03 | Queue | Archer |
| 17:03 | Queue | Archer |
| 17:32 | Queue | Villager (Male) |
| 17:35 | Build | Farm |
| 17:35 | Build | Farm |
| 17:35 | Build | Farm |
| 17:36 | Build | Farm |
| 17:36 | Build | Farm |
| 17:36 | Build | Farm |
| 17:37 | Research | Horse Collar |
| 17:47 | Queue | Archer |
| 17:48 | Queue | Villager (Male) |
| 17:54 | Queue | Scout Cavalry |
| 17:56 | Build | Farm |
| 17:58 | Queue | Archer |
| 18:17 | Queue | Villager (Male) |
| 18:20 | Build | House |
| 18:22 | Build | House |
| 18:27 | Build | Farm |
| 18:30 | Build | Farm |
| 18:41 | Queue | Scout Cavalry |
| 18:56 | Build | Farm |
| 18:58 | Queue | Villager (Male) |
| 19:16 | Build | House |
| 19:19 | Build | Farm |
| 19:22 | Queue | Villager (Male) |
| 19:30 | Build | Mill |
| 20:00 | Queue | Villager (Male) |
| 20:02 | Build | House |
| 20:08 | Build | House |
| 20:25 | Build | Market |
| 20:33 | Build | House |
| 20:45 | Build | Farm |
| 20:46 | Queue | Villager (Male) |
| 21:05 | Queue | Villager (Male) |
| 21:11 | Build | Palisade Wall |
| 21:12 | Build | Palisade Wall |
| 21:25 | Build | House |
| 21:30 | Build | House |
| 21:33 | Build | Farm |
| 21:34 | Research | Castle Age |
| 21:45 | Build | House |
| 21:56 | Build | Outpost |
| 21:58 | Build | Farm |
| 22:20 | Build | Mining Camp |
| 22:30 | Research | Stone Mining |
| 22:46 | Queue | Villager (Male) |
| 23:05 | Queue | Skirmisher |
| 23:21 | Build | Farm |
| 23:22 | Build | Farm |
Build order — aLeX-
First 150 of 367 actions detected
| 0:01 | Queue | Villager (Male) |
| 0:01 | Queue | Villager (Male) |
| 0:01 | Queue | Villager (Male) |
| 0:02 | Build | House |
| 0:04 | Build | House |
| 0:49 | Queue | Villager (Male) |
| 0:50 | Queue | Villager (Male) |
| 1:30 | Queue | Villager (Male) |
| 1:46 | Build | Lumber Camp |
| 1:52 | Queue | Villager (Male) |
| 2:22 | Queue | Villager (Male) |
| 2:22 | Queue | Villager (Male) |
| 2:43 | Queue | Villager (Male) |
| 3:03 | Queue | Villager (Male) |
| 3:39 | Queue | Villager (Male) |
| 3:49 | Build | House |
| 3:53 | Queue | Villager (Male) |
| 4:10 | Build | Barracks |
| 4:28 | Queue | Villager (Male) |
| 4:46 | Build | House |
| 4:52 | Queue | Villager (Male) |
| 5:02 | Queue | Militia |
| 5:19 | Queue | Villager (Male) |
| 5:47 | Queue | Militia |
| 5:48 | Queue | Villager (Male) |
| 5:49 | Queue | Militia |
| 5:53 | Build | Mill |
| 6:09 | Queue | Villager (Male) |
| 6:19 | Research | Loom |
| 7:13 | Queue | Villager (Male) |
| 7:44 | Queue | Villager (Male) |
| 8:16 | Research | Feudal Age |
| 8:49 | Build | Mining Camp |
| 9:56 | Queue | Villager (Male) |
| 9:56 | Queue | Villager (Male) |
| 10:10 | Build | Farm |
| 10:11 | Build | Farm |
| 10:26 | Age | Feudal Age |
| 10:30 | Research | Wheelbarrow |
| 10:36 | Build | House |
| 10:39 | Research | Man-at-Arms (upgrade) |
| 10:42 | Research | Double-Bit Axe |
| 11:09 | Queue | Villager (Male) |
| 11:13 | Build | Farm |
| 11:16 | Build | Farm |
| 11:17 | Build | Farm |
| 11:18 | Queue | Villager (Male) |
| 11:40 | Research | Horse Collar |
| 12:00 | Build | Blacksmith |
| 12:03 | Build | Palisade Wall |
| 12:14 | Queue | Villager (Male) |
| 12:19 | Build | House |
| 12:57 | Queue | Villager (Male) |
| 13:10 | Build | Archery Range |
| 13:14 | Build | House |
| 13:20 | Queue | Villager (Male) |
| 13:47 | Queue | Villager (Male) |
| 13:49 | Build | Farm |
| 13:50 | Build | Farm |
| 13:53 | Build | Palisade Wall |
| 14:06 | Queue | Villager (Male) |
| 14:20 | Queue | Villager (Male) |
| 14:21 | Build | Farm |
| 14:40 | Build | Farm |
| 14:48 | Build | Palisade Wall |
| 15:00 | Queue | Villager (Male) |
| 15:12 | Build | Palisade Wall |
| 15:20 | Build | Palisade Gate |
| 15:30 | Queue | Villager (Male) |
| 15:32 | Build | House |
| 15:36 | Build | Farm |
| 15:39 | Queue | Skirmisher |
| 15:54 | Queue | Villager (Male) |
| 15:57 | Queue | Skirmisher |
| 15:59 | Research | Fletching |
| 16:09 | Build | Farm |
| 16:11 | Build | Farm |
| 16:14 | Queue | Skirmisher |
| 16:25 | Queue | Villager (Male) |
| 16:27 | Queue | Skirmisher |
| 16:31 | Build | Farm |
| 17:01 | Build | Palisade Gate |
| 17:10 | Build | House |
| 17:13 | Build | Farm |
| 17:15 | Queue | Villager (Male) |
| 17:39 | Queue | Skirmisher |
| 17:57 | Queue | Villager (Male) |
| 18:17 | Build | House |
| 18:26 | Build | Market |
| 18:33 | Build | Farm |
| 18:34 | Queue | Villager (Male) |
| 18:58 | Build | Stable |
| 19:12 | Research | Castle Age |
| 19:28 | Build | Archery Range |
| 19:33 | Research | Gold Mining |
| 19:44 | Queue | Spearman |
| 19:46 | Queue | Skirmisher |
| 20:44 | Queue | Skirmisher |
| 20:47 | Research | Bloodlines |
| 21:20 | Research | Padded Archer Armor |
| 21:52 | Age | Castle Age |
| 21:55 | Queue | Cavalry Archer |
| 21:56 | Queue | Cavalry Archer |
| 21:58 | Research | Bow Saw |
| 22:01 | Build | University |
| 22:04 | Research | Bodkin Arrow |
| 22:07 | Queue | Villager (Male) |
| 22:34 | Queue | Villager (Male) |
| 22:35 | Queue | Cavalry Archer |
| 22:36 | Queue | Cavalry Archer |
| 23:05 | Queue | Villager (Male) |
| 23:21 | Research | Ballistics |
| 23:23 | Queue | Cavalry Archer |
| 23:23 | Queue | Cavalry Archer |
| 23:32 | Queue | Villager (Male) |
| 23:48 | Queue | Villager (Male) |
| 23:50 | Research | Leather Archer Armor |
| 24:38 | Queue | Villager (Male) |
| 24:48 | Build | Town Center |
| 24:57 | Build | House |
| 25:06 | Queue | Cavalry Archer |
| 25:06 | Queue | Cavalry Archer |
| 25:10 | Build | House |
| 25:33 | Queue | Villager (Male) |
| 25:33 | Queue | Villager (Male) |
| 25:45 | Build | Siege Workshop |
| 26:03 | Queue | Villager (Male) |
| 26:04 | Queue | Villager (Male) |
| 26:18 | Queue | Cavalry Archer ×3 |
| 26:30 | Build | House |
| 26:32 | Queue | Villager (Male) |
| 26:32 | Queue | Villager (Male) |
| 26:33 | Queue | Villager (Male) |
| 27:01 | Queue | Battering Ram |
| 27:02 | Build | House |
| 27:10 | Queue | Villager (Male) |
| 27:11 | Queue | Villager (Male) |
| 27:11 | Queue | Villager (Male) |
| 27:20 | Build | Farm |
| 27:42 | Build | Monastery |
| 27:49 | Queue | Villager (Male) |
| 27:50 | Queue | Villager (Male) |
| 28:06 | Queue | Villager (Male) |
| 28:07 | Queue | Villager (Male) |
| 28:10 | Build | Lumber Camp |
| 28:13 | Build | House |
| 28:30 | Research | Imperial Age |
| 28:30 | Research | Imperial Age |
| 28:38 | Build | House |
| 28:47 | Queue | Cavalry Archer |
Match timeline
| 4:10 | aLeX- · first_building Barracks |
| 5:10 | Men Call Me Gladiator · wall_segment Palisade Wall x1 |
| 5:11 | Men Call Me Gladiator · wall_segment Palisade Wall x1 |
| 5:12 | Men Call Me Gladiator · wall_segment Palisade Wall x1 |
| 5:42 | Men Call Me Gladiator · wall_segment Palisade Wall x4 |
| 6:22 | Men Call Me Gladiator · wall_segment Palisade Wall x1 |
| 6:25 | Men Call Me Gladiator · wall_segment Palisade Wall x1 |
| 6:27 | Men Call Me Gladiator · wall_segment Palisade Wall x1 |
| 9:35 | Men Call Me Gladiator · first_building Barracks |
| 10:26 | aLeX- · age_up feudal |
| 10:45 | Men Call Me Gladiator · age_up feudal |
| 10:50 | Men Call Me Gladiator · first_building Archery Range |
| 11:00 | Men Call Me Gladiator · wall_segment Palisade Wall x1 |
| 11:03 | Men Call Me Gladiator · wall_segment Palisade Wall x1 |
| 11:04 | Men Call Me Gladiator · wall_segment Palisade Wall x1 |
| 11:06 | Men Call Me Gladiator · wall_segment Palisade Wall x1 |
| 12:03 | aLeX- · wall_segment Palisade Wall x11 |
| 12:42 | Men Call Me Gladiator · wall_segment Palisade Wall x6 |
| 13:10 | aLeX- · first_building Archery Range |
| 13:53 | aLeX- · wall_segment Palisade Wall x7 |
| 14:48 | aLeX- · wall_segment Palisade Wall x4 |
| 15:12 | aLeX- · wall_segment Palisade Wall x15 |
| 16:00 | Men Call Me Gladiator · wall_segment Palisade Wall x11 |
| 16:00 | Men Call Me Gladiator · wall_segment Palisade Wall x1 |
| 16:53 | Men Call Me Gladiator · first_building Stable |
| 18:58 | aLeX- · first_building Stable |
| 21:11 | Men Call Me Gladiator · wall_segment Palisade Wall x3 |
| 21:12 | Men Call Me Gladiator · wall_segment Palisade Wall x1 |
| 21:52 | aLeX- · age_up castle |
| 23:19 | aLeX- · first_market_buy 100 wood |
| 24:16 | Men Call Me Gladiator · age_up castle |
| 24:25 | Men Call Me Gladiator · first_market_buy 100 stone |
| 25:27 | Men Call Me Gladiator · first_market_sell 100 food |
| 25:45 | aLeX- · first_building Siege Workshop |
| 25:50 | Men Call Me Gladiator · first_building Castle |
| 27:42 | aLeX- · first_building Monastery |
| 29:23 | Men Call Me Gladiator · wall_segment Stone Wall x1 |
| 31:49 | aLeX- · age_up imperial |
| 32:48 | Men Call Me Gladiator · first_building Monastery |
| 34:01 | aLeX- · wall_segment Stone Wall x17 |
| 34:13 | Men Call Me Gladiator · first_building Siege Workshop |
| 35:37 | aLeX- · wall_segment Stone Wall x6 |
| 35:42 | aLeX- · wall_segment Stone Wall x2 |
| 39:50 | aLeX- · wall_segment Stone Wall x7 |
| 40:48 | aLeX- · wall_segment Stone Wall x7 |
| 40:53 | aLeX- · wall_segment Stone Wall x21 |
| 41:02 | Men Call Me Gladiator · age_up imperial |
| 41:32 | aLeX- · first_building Castle |
| 42:24 | Men Call Me Gladiator · wall_segment Stone Wall x12 |
| 42:45 | aLeX- · wall_segment Stone Wall x7 |
| 42:49 | aLeX- · wall_segment Stone Wall x6 |
| 42:52 | aLeX- · wall_segment Stone Wall x7 |
| 46:47 | Men Call Me Gladiator · wall_segment Stone Wall x9 |
| 53:35 | aLeX- · resign |
[ AI ANALYSIS · 1 CREDIT ]
What really happened in this match?
Wolo.gg analyzes every decision: build order, eco, micro, common mistakes by bracket. Personalized analysis on WhatsApp or Discord in 30 seconds.
Civ guide
Hindustanis
Perfil
Jugador #247738